Map: Torches LE

Players

EquiNoX

  • Race: Zerg Zerg
  • League: Diamond
  • Spawn Location: 5:00

SubN - Winner!

  • Race: Zerg Zerg
  • League: Diamond
  • Spawn Location: 1:00

VOD

Have the link to the VOD?

Description

Time

  • Played on: July 30, 2025, 10:28 p.m.
  • Length: 8:52
Show
View Real Time Build Order
Export as new Build Order

EquiNoX Zerg 

Build Orders: Hatch First 

Get SALT Encoding   

  12  0:11  Overlord  
  12  0:12  Drone  
  13  0:17  Drone  
  14  0:30  Drone  
  14  0:33  Drone  
  16  0:51  Drone, Hatchery  
  16  0:56  Drone  
  17  1:05  Drone  
  17  1:09  Extractor  
  17  1:14  Spawning Pool  
  17  1:17  Drone  
  17  1:27  Drone  
  18  1:37  Drone  
  19  1:48  Overlord  
  19  1:59  Drone  
  20  2:03  Queen x2  
  20  2:05  Zergling x2  
  25  2:09  Drone  
  26  2:19  Zergling x2  
  27  2:31  Hatchery  
  26  2:38  Drone x2  
  28  2:45  Baneling Nest  
  26  2:52  Zergling x2  
  26  2:53  Zergling x2  
  28  3:03  Spine Crawler  
  28  3:04  Zergling x4  
  27  3:09  Zergling x2  
  27  3:10  Zergling x2  
  26  3:16  Zergling x2  
  23  3:20  Zergling x2  
  24  3:27  Zergling x2  
  24  3:30  Baneling  
  20  3:55  Baneling  
  19  4:04  Spawning Pool  
  19  4:06  Drone x3  
  19  4:09  Drone  
  23  4:19  Drone x2  
  23  4:20  Spawning Pool  
  23  4:22  Drone  
  19  4:51  Drone x3  
  19  4:52  Hatchery  
  21  4:57  Drone  
  22  5:12  Spine Crawler  
  18  5:16  Zergling x2  
  18  5:17  Zergling x2  
  20  5:24  Baneling Nest  
  20  5:27  Drone  
  20  5:30  Drone  
  21  5:37  Zergling x4  
  21  5:42  Drone  
  24  5:48  Spine Crawler  
  22  5:53  Metabolic Boost  
  21  6:01  Drone  
  22  6:08  Baneling x3  
  21  6:13  Drone x2  
  21  6:14  Drone  
  24  6:23  Drone  
  25  6:30  Queen  
  27  6:41  Queen  
  29  6:47  Drone x2  
  29  6:50  Drone  
  29  6:51  Drone  
  29  6:53  Drone  
  34  6:57  Drone  
  34  6:58  Drone  
  36  7:11  Overlord x2  
  36  7:19  Roach Warren  
  36  7:21  Extractor  
  34  7:28  Overlord  
  34  7:30  Extractor  
  33  7:37  Drone x4  
  37  7:44  Baneling  
  37  7:45  Baneling  
  30  8:05  Drone, Zergling x4  
  29  8:06  Zergling x8  
  33  8:14  Roach  
  33  8:17  Roach  
  37  8:29  Zergling x4, Roach Warren  
  35  8:38  Hatchery  
Show
View Real Time Build Order
Export as new Build Order

SubN Zerg - Winner!

Build Orders: Pool First 

Get SALT Encoding   

  12  0:00  Drone  
  13  0:07  Drone  
  13  0:13  Extractor  
  13  0:28  Spawning Pool  
  12  0:55  Hatchery  
  11  1:14  Queen  
  13  1:27  Metabolic Boost  
  13  1:36  Overlord  
  13  1:41  Zergling x2  
  14  2:01  Zergling x2  
  14  2:02  Zergling x4  
  17  2:12  Zergling x2  
  18  2:20  Zergling x2  
  18  2:21  Zergling x2  
  20  2:27  Zergling x2  
  20  2:28  Zergling x4  
  23  2:36  Zergling x4  
  25  2:40  Zergling x2  
  26  2:45  Zergling x2  
  27  2:52  Zergling x2  
  26  3:22  Zergling x2  
  18  3:48  Zergling x2  
  18  3:49  Zergling x10  
  23  4:01  Zergling x4  
  25  4:18  Zergling x4  
  27  4:26  Drone  
  28  4:36  Zergling x6  
  23  5:04  Drone x3  
  23  5:05  Drone x2  
  27  5:14  Drone  
  27  5:21  Overlord x2  
  28  5:38  Queen x2  
  28  5:39  Roach Warren  
  28  5:42  Drone x4  
  35  5:58  Drone x2  
  37  6:17  Drone x2  
  39  6:19  Drone x2  
  39  6:24  Drone  
  42  6:26  Extractor  
  42  6:28  Drone  
  42  6:42  Drone x2  
  42  6:45  Overlord x2  
  44  6:53  Overlord  
  44  7:00  Overlord  
  44  7:04  Drone x2  
  44  7:06  Drone x3  
  49  7:28  Drone x2  
  49  7:29  Drone  
  52  7:32  Roach  
  52  7:33  Roach x4  
  52  7:36  Lair  
  62  7:38  Roach x2  
  58  8:06  Roach  
  58  8:07  Roach x7  
  74  8:20  Overlord x4  
  74  8:33  Hatchery  
  79  8:46  Evolution Chamber  
  79  8:47  Evolution Chamber  
Tags
 
Matchup
ZvZ
Race
Zerg
Replay Pack
Multiplayer
Spawn Locations
Close Positions
Add a new tag
Caveats
  • Supply blocks, unpowered buildings, or Contaminate may cause inaccurate times.
  • Supply counts are checked every 10 seconds.